 Dungeon Crawl Stone Soup version 0.24.0-123-gd5b16e6ec5 (webtiles) character file.

Game seed: 5742768602572486292, levelgen mode: deterministic

376 Elellon the Cleaver (level 6, -2/52 HPs)
             Began as a Hill Orc Fighter on Jan 10, 2020.
             Slain by an ogre
             ... wielding a +0 giant spiked club
              (4 damage)
             ... on level 4 of the Dungeon.
             The game lasted 00:04:04 (3205 turns).

Elellon the Cleaver (Hill Orc Fighter)              Turns: 3205, Time: 00:04:04

Health: -2/52      AC:  6    Str: 21    XL:     6   Next: 73%
Magic:  6/6        EV:  7    Int:  8    God:
Gold:   85         SH:  9    Dex: 10    Spells: 5/5 levels left

rFire    . . .     SeeInvis .   a - +0 war axe
rCold    . . .     Gourm    .   c - +0 shield
rNeg     . . .     Faith    .   b - +0 scale mail
rPois    .         Spirit   .   (no helmet)
rElec    .         Reflect  .   (no cloak)
rCorr    +         Harm     .   (no gloves)
MR       .....                  (no boots)
Stlth    ..........             (no amulet)
HPRegen  0.17/turn              v - ring of resist corrosion
MPRegen  0.10/turn              (no ring)

@: no status effects
A: no striking features
a: no special abilities


You were on level 4 of the Dungeon.
You were hungry.

You visited 1 branch of the dungeon, and saw 4 of its levels.

You collected 85 gold pieces.

Inventory:

Hand Weapons
 a - a +0 war axe (weapon)
Armour
 b - a +0 scale mail (worn)
 c - a +0 shield (worn)
Jewellery
 g - a +2 ring of intelligence
 v - a ring of resist corrosion (left hand)
Wands
 q - a wand of flame (13)
Scrolls
 h - a scroll of enchant weapon {unknown}
 i - 2 scrolls of remove curse
 k - a scroll of identify
 l - a scroll of fear {unknown}
 o - a scroll of amnesia {unknown}
 r - a scroll of teleportation {unknown}
 t - a scroll of magic mapping {unknown}
 w - a scroll of noise {unknown}
Potions
 d - 2 potions of might
 e - a potion of agility {unknown}
 j - 5 potions of curing
 m - a potion of flight {unknown}
 n - a potion of haste {unknown}
 p - a potion of ambrosia {unknown}
 s - a potion of invisibility {unknown}
Comestibles
 f - 6 rations


   Skills:
 + Level 4.0 Fighting
 * Level 8.6 Axes
 + Level 3.6 Armour
 + Level 3.6 Shields


You had 5 spell levels left.
You didn't know any spells.
Your spell library was empty.

Dungeon Overview and Level Annotations

Branches:
Dungeon (4/15)
 Temple: D:4-7

Altars:
Hepliaklqana
Sif Muna
Trog

Annotations:
D:3 1 runed translucent door, puimuR's ghost, amateur HOMo


Message History

The ogre is moderately wounded.
The ogre barely misses you.
You completely miss the ogre.
The ogre is moderately wounded.
The ogre hits you with a +0 giant spiked club.
You hit the ogre.
The ogre is heavily wounded.
The ogre hits you with a +0 giant spiked club!
You barely miss the ogre.
The ogre is heavily wounded.
The ogre hits you with a +0 giant spiked club!!
Ouch! That really hurt!
* * * LOW HITPOINT WARNING * * *
You hit the ogre.
The ogre is heavily wounded.
You block the ogre's attack.
You hit the ogre.
The ogre is severely wounded.
The ogre hits you with a +0 giant spiked club.
You die...

.........
##.......#
........#
#......#####
#......+..<#
####.....#.#.#
.......O##.#.###
#......@.......+
#...........####
....>.......+
#...........#
#####.....###
#.#.#.# ..#.#.#
#..#.#..


You could see an ogre.

Vanquished Creatures
  Sigmund (D:3)
  A centaur (D:3)
  A bullfrog skeleton (D:4)
  Terence (D:3)
  An adder (D:3)
  An ooze (D:1)
  A worm (D:2)
  2 dart slugs
  4 leopard geckos
  An orc (D:3)
  3 giant cockroaches
  8 hobgoblins
  4 jackals (D:3)
  6 kobolds
  A quokka (D:2)
  2 ball pythons
  5 bats
  3 frilled lizards (D:2)
  5 goblins
  6 rats
57 creatures vanquished.

Notes
Turn   | Place    | Note
-------+----------+-------------------------------------------
     0 | D:1      | Elellon the Hill Orc Fighter began the quest for the Orb.
     0 | D:1      | Reached XP level 1. HP: 19/19 MP: 1/1
    50 | D:1      | Reached skill level 3 in Axes
   317 | D:1      | Reached XP level 2. HP: 23/26 MP: 2/2
   483 | D:1      | Reached skill level 4 in Axes
  1037 | D:1      | Reached XP level 3. HP: 28/31 MP: 3/3
  1558 | D:2      | Reached skill level 5 in Axes
  2130 | D:3      | Noticed Terence
  2149 | D:3      | Killed Terence
  2149 | D:3      | Reached XP level 4. HP: 38/39 MP: 4/4
  2159 | D:3      | Reached skill level 6 in Axes
  2168 | D:3      | Noticed Sigmund
  2182 | D:3      | Killed Sigmund
  2182 | D:3      | Reached skill level 8 in Axes
  2182 | D:3      | Reached XP level 5. HP: 4/45 MP: 5/5
  2182 | D:3      | Reached XP level 6. HP: 5/51 MP: 6/6
  2753 | D:3      | Found a bloodstained altar of Trog.
  2753 | D:3      | Found a hazy altar of Hepliaklqana.
  2753 | D:3      | Found a shimmering blue altar of Sif Muna.
  2888 | D:3      | Found a runed translucent door.
  2888 | D:3      | Noticed puimuR's ghost (amateur HOMo)
  3203 | D:4      | HP: 2/52 [ogre/+0 giant spiked club (28)]
  3205 | D:4      | Slain by an ogre

Levels and vault maps discovered:
D:1:      sevenhm_arrival_forest_fort_large_1, layout_basic
D:2:      layout_basic
D:3:      layout_loops_cross, gammafunk_temple_overflow_claw,
          hellmonk_ghost_happy_afterlife, uniq_terence, uniq_sigmund
D:4:      layout_basic, first_ration

Skill      XL: |  1  2  3  4  5  6 |
---------------+-------------------+-----
Axes           | 3 4 5 8 |  8.6
Fighting       | 4 |  4.0
Armour         | |  3.6
Shields        | |  3.6

Action                   |  1- 3 |  4- 6 || total
-------------------------+-------+-------++-------
Melee: War axe           |   165 |    90 ||   255
  Use: Scroll            |       |     4 ||     4
  Eat: Chunk             |     4 |     3 ||     7
Armor: Scale mail        |    73 |    49 ||   122
Dodge: Dodged            |    52 |    41 ||    93
Block: Shield            |    70 |    69 ||   139
